 Dungeon Crawl Stone Soup version 0.20.1-1-g8b1a95d66d (webtiles) character file.

128 NullDivider the Charlatan (level 5, -1/34 HPs)
             Began as an Octopode Artificer on Dec 5, 2017.
             Slain by Gargoyl's ghost (10 damage)
             ... on level 3 of the Dungeon.
             The game lasted 00:10:00 (3514 turns).

NullDivider the Charlatan (Octopode Artificer)      Turns: 3514, Time: 00:10:01

Health: -1/34      AC:  1    Str: 12    XL:     5   Next: 12%
Magic:  7/7        EV: 14    Int: 13    God:
Gold:   63         SH:  0    Dex: 13    Spells: 4/4 levels left

rFire    . . .     SeeInvis .   e - +0 dagger
rCold    . . .     Gourm    .   (no shield)
rNeg     . . .     Faith    .   (helmet restricted)
rPois    .         Spirit   .   (no amulet)
rElec    .         Reflect  .   (no ring)
rCorr    .         Harm     .   (no ring)
MR       .....                  (no ring)
Stlth    +++.......             (no ring)
Regen    0.2/turn               (no ring)
MPRegen  0.1/turn               (no ring)
                                (no ring)
                                (no ring)

@: no status effects
A: almost no armour, stealthy swim, amphibious, 8 rings, constrict 8, camouflage
1, gelatinous body 1
a: no special abilities


You were on level 3 of the Dungeon.
You were not hungry.

You visited 1 branch of the dungeon, and saw 3 of its levels.

You collected 63 gold pieces.

Inventory:

Hand Weapons
 e - a +0 dagger (weapon)
Wands
 b - a wand of flame (15/48)
 c - a wand of enslavement (15/24)
 d - a wand of random effects (3/48)
Scrolls
 j - a scroll of enchant weapon {unknown}
 k - 2 scrolls of identify {unknown}
 l - 3 scrolls of enchant armour {unknown}
 m - a scroll of teleportation {unknown}
Potions
 a - 2 potions of curing {unknown}
 n - a potion of lignification {unknown}
Comestibles
 f - 3 bread rations
 g - 2 meat rations
 h - a chunk of flesh
 i - a royal jelly


   Skills:
 + Level 2.1 Fighting
 + Level 2.3 Short Blades
 + Level 2.6 Dodging
 * Level 3.8 Stealth
 + Level 3.8 Evocations


You had 4 spell levels left.
You didn't know any spells.

Dungeon Overview and Level Annotations

Branches:
Dungeon (3/15)

Altars:
Okawaru

Annotations:
D:3 Gargoyl's ghost, amateur CeAK


Innate Abilities, Weirdness & Mutations

You cannot wear most types of armour.
You are very stealthy in the water. (Stealth+)
You are amphibious.
You can wear up to eight rings at the same time.
You can use your tentacles to constrict eight enemies at once.
Your skin changes colour to match your surroundings (Stealth+).
Your rubbery body absorbs attacks. (AC +1, EV +1)


Message History

Gargoyl's ghost is heavily damaged.
Gargoyl's ghost seems less confused.
You hit Gargoyl's ghost.
Gargoyl's ghost is heavily damaged.
Gargoyl's ghost hits you!
Evoke which item? (* to show all) (? for menu, Esc to quit)
Aiming: Random Effects
Press: ? - help, Shift-Dir - straight line, f/p - Gargoyl's ghost
Aim: Gargoyl's ghost (heavily damaged, slow) Gargoyl's ghost seems to speed up.
This wand has 4 charges left.
Gargoyl's ghost hits you!
* * * LOW HITPOINT WARNING * * *
Evoke which item? (* to show all) (? for menu, Esc to quit)
Aiming: Random Effects
Press: ? - help, Shift-Dir - straight line, f/p - Gargoyl's ghost
Aim: Gargoyl's ghost (heavily damaged, fast+slow)
The puff of flame hits Gargoyl's ghost.
Gargoyl's ghost is severely damaged.
This wand has 3 charges left.
Gargoyl's ghost hits you!
You die...

#.# #.#..[......#.....# #.#
#.#.........#.....# ..#
#.#.........#.....# ..#
#.#.........+.....#
..#####.#.........#.....# #
..#.....................# .#
..#.###.#.####<.......(.###.#
.....<.......'.W............#
..#...#[######..@..##.###.###
..#####...............#)....# ..
......................#. ..
........................... ..
........#.#.....#.#.##.#....
.#..............#.....#+##.......
...............)...<.....##.....>
..#...♣...#..........)...# ......
.....♣.♣......#...(......# ......


You could see Gargoyl's ghost.

Vanquished Creatures
  A bullfrog skeleton (D:3)
  3 adders
  4 orcs (D:3)
  7 bats
  4 giant cockroaches
  9 goblins
  6 hobgoblins
  2 jackals (D:1)
  4 ball pythons
  A frilled lizard (D:3)
  11 kobolds
  13 rats
65 creatures vanquished.

Notes
Turn   | Place    | Note
-------+----------+-------------------------------------------
     0 | D:1      | NullDivider the Octopode Artificer began the quest for the Orb.
     0 | D:1      | Reached XP level 1. HP: 13/13 MP: 3/3
   344 | D:1      | Reached XP level 2. HP: 14/18 MP: 4/4
   553 | D:1      | Reached XP level 3. HP: 10/23 MP: 5/5
  1669 | D:2      | Reached XP level 4. HP: 21/28 MP: 6/6
  2257 | D:3      | Noticed Gargoyl's ghost (amateur CeAK)
  2770 | D:3      | Found an iron altar of Okawaru.
  3004 | D:3      | Reached XP level 5. HP: 30/34 MP: 7/7
  3514 | D:3      | Slain by Gargoyl's ghost

Skill      XL: |  1  2  3  4 |
---------------+-------------+-----
Stealth        | 2 3 |  3.8
Short Blades   | 2 |  2.3
Fighting       | 2 |  2.1
Dodging        | |  2.6
Evocations     | |  3.8

Action                   |  1- 3 |  4- 6 || total
-------------------------+-------+-------++-------
Melee: Short sword       |     7 |       ||     7
       Dagger            |    70 |    69 ||   139
       Constrict         |    21 |    17 ||    38
       Tentacles         |    13 |    16 ||    29
Evoke: Wand              |       |    12 ||    12
 Stab: Distracted        |     1 |       ||     1
       Sleeping          |     5 |     6 ||    11
       Confused          |       |     1 ||     1
  Eat: Chunk             |     2 |     6 ||     8
Armor: Skin              |     9 |     4 ||    13
Dodge: Dodged            |    43 |    34 ||    77
